 Dungeon Crawl Stone Soup version 0.29.1-13-g9f3cf754e1 (webtiles) character file.

Game seed: 3449544006706446555

81 Thatpatchoflichen the Chopper (level 4, -2/41 HPs)
             Began as a Hill Orc Monk on Feb 4, 2023.
             Slain by a gnoll
             ... wielding a +0 spear
              (8 damage)
             ... on level 2 of the Dungeon.
             The game lasted 00:04:01 (2956 turns).

Thatpatchoflichen the Chopper (Hill Orc Monk)       Turns: 2956, Time: 00:04:02

Health: -2/41      AC:  3    Str: 15    XL:     4   Next: 40%
Magic:  4/4        EV: 12    Int: 10    God:
Gold:   59         SH:  0    Dex: 13    Spells: 3/3 levels left

rFire   . . .      SeeInvis .   a - +0 hand axe
rCold   . . .      Faith    .   (no shield)
rNeg    . . .      Spirit   .   k - +0 leather armour
rPois   .          Reflect  .   (no helmet)
rElec   .          Harm     .   (no cloak)
rCorr   .          Rampage  .   (no gloves)
Will    .....                   (no boots)
Stlth   ++........              (no amulet)
HPRegen 0.13/turn               (no ring)
MPRegen 0.09/turn               (no ring)

@: no status effects
A: no striking features
a: no special abilities


You were on level 2 of the Dungeon.
You visited 1 branch of the dungeon, and saw 3 of its levels.

You collected 59 gold pieces.

Inventory:

Hand Weapons
 a - a +0 hand axe (weapon)
Missiles
 e - 6 curare-tipped darts (quivered)
 j - 2 javelins
Armour
 b - a +0 robe
 h - a +0 chain mail
 k - a +0 leather armour (worn)
Scrolls
 f - 2 scrolls of identify {unknown}
 g - a scroll of noise {unknown}
 i - 2 scrolls of teleportation {unknown}
 m - a scroll of immolation {unknown}
Potions
 c - a potion of ambrosia
 d - 2 potions of curing {unknown}
 l - a potion of resistance {unknown}


   Skills:
 + Level 4.6 Fighting
 + Level 5.1 Axes
 + Level 2.2 Armour
 - Level 2.4 Dodging
 - Level 1.5 Stealth


You had 3 spell levels left.
You didn't know any spells.
Your spell library was empty.

Dungeon Overview and Level Annotations

Branches:
Dungeon (3/15)

Altars:


Message History

There is a stone staircase leading up here.
You now have 59 gold pieces (gained 10).
There is a stone staircase leading up here.
Done exploring.
Done exploring.
There is an escape hatch in the floor here.
There is a stone staircase leading down here.
There is an open door here.
There is an escape hatch in the floor here.
You see here a frilled lizard skeleton.
There is a stone staircase leading up here.
There is a stone staircase leading up here.
A gnoll is nearby!
The gnoll shouts!
The gnoll shouts!
There is a stone staircase leading down here.
The gnoll closely misses you.
There is a stone staircase leading down here.
The gnoll hits you with a +0 spear. x2
You barely miss the gnoll. x2
The gnoll hits you from afar with a +0 spear.
The gnoll hits you but does no damage. The gnoll closely misses you.
The gnoll hits you but does no damage. The gnoll hits you with a +0 spear.
You hit the gnoll.
The gnoll is moderately wounded.
You hit the gnoll but do no damage. You hit the gnoll.
The gnoll closely misses you. The gnoll hits you with a +0 spear. x2
You hit the gnoll but do no damage. You hit the gnoll.
You hit the gnoll but do no damage. The gnoll misses you.
The gnoll hits you with a +0 spear. The gnoll completely misses you.
The gnoll hits you with a +0 spear!
* * * LOW HITPOINT WARNING * * *
The gnoll closely misses you. The gnoll hits you with a +0 spear.
* * * LOW HITPOINT WARNING * * *
You hit the gnoll but do no damage.
The gnoll is severely wounded.
You hit the gnoll. x2; The gnoll closely misses you.
The gnoll barely misses you. The gnoll hits you with a +0 spear!
You die...

#..........#######)#####...#.#.
#.######...................#.#.
#.# #....#.#######.###.#...#.#.
#.###'####.# ##.###.....#...
#..........# #....#.#.#.#...
####.......######....#.#.#.#...
#..........>##....#.#.#.#...
#......####.g#....#.#.#.#...
#....).# #@g##.......#.#...
#......# #g................
#......# #.#######.###.....
#......# #.........# ######
###########..######## #####
#.........########...##
#...............##....#
#...............#####'#
#...............###....


You could see 3 gnolls.

Vanquished Creatures
  4 adders (D:2)
  3 dart slugs (D:1)
  3 ball pythons
  9 bats
  3 endoplasms
  2 giant cockroaches (D:2)
  2 hobgoblins
  A quokka (D:2)
  2 frilled lizards
  5 goblins
  3 kobolds
  4 rats
41 creatures vanquished.

Notes
Turn   | Place    | Note
-------+----------+-------------------------------------------
     0 | D:1      | Thatpatchoflichen the Hill Orc Monk began the quest for the
                  | Orb.
     0 | D:1      | Reached XP level 1. HP: 19/19 MP: 1/1
    75 | D:1      | Reached XP level 2. HP: 18/27 MP: 2/2
   173 | D:1      | Reached skill level 1 in Armour
   937 | D:1      | Found a faded altar of an unknown god.
   952 | D:1      | Reached XP level 3. HP: 28/33 MP: 3/3
  1865 | D:2      | Reached XP level 4. HP: 37/41 MP: 4/4
  1960 | D:2      | Reached skill level 5 in Axes
  2089 | D:3      | HP: 1/41 [goblin/+0 club (4)]
  2956 | D:2      | Slain by a gnoll

Illustrated notes

Levels and vault maps discovered:
D:1:      moated_graveyard_arrival, layout_basic, ebering_ecumenical_altar_webs
D:2:      layout_basic, kennysheep_another_room, minmay_close_crescents
D:3:      layout_basic, uniq_sigmund

Skill      XL: |  1  2  3  4 |
---------------+-------------+-----
Armour         | 1 2 |  2.2
Fighting       | 4 |  4.6
Axes           | 5 |  5.1
Dodging        | |  2.4
Stealth        | |  1.5

Action                   |  1- 3 |  4- 6 || total
-------------------------+-------+-------++-------
Melee: Hand axe          |   111 |    41 ||   152
       Punch             |     1 |       ||     1
 Stab: Sleeping          |     2 |     2 ||     4
Armor: Robe              |    21 |       ||    21
       Leather armour    |    16 |    16 ||    32
Dodge: Dodged            |   103 |    42 ||   145
